 Dungeon Crawl Stone Soup version 0.31-a0-229-g1fc7ce93e2 (webtiles) character file.

Game seed: 562816809245899485

4855 olmar the Basher (level 10, 0/89 HPs)
             Began as an Armataur Fighter on July 7, 2023.
             Slain by a vault guard
             ... wielding a +0 broad axe
              (12 damage)
             ... on level 8 of the Dungeon.
             The game lasted 00:09:47 (7447 turns).

olmar the Basher (Armataur Fighter)                 Turns: 7447, Time: 00:09:47

Health: 0/89       AC:  8    Str: 26    XL:     10   Next: 25%
Magic:  10/10      EV: 21    Int:  8    God:
Gold:   493        SH: 18    Dex: 10    Spells: 9/9 levels left

rFire   . . .        a - +0 flail
rCold   + . .        g - +0 tower shield
rNeg    . . .        b - +1 scale mail
rPois   +            (helmet restricted)
rElec   +            (no cloak)
rCorr   .            (no gloves)
SInv    .            (no barding)
Will    .....        n - amulet of the acrobat Stlth
                     q - ring of poison resistance
HPRegen 0.34/turn    s - ring of wizardry
MPRegen 0.12/turn

%: acrobat, roll, wizardry (x1)
@: acrobatic, unable to drink
A: large, rugged brown scales 3, deformed body, armoured tail, roll, long
tongue, awkward tongue, fangs 1, horns 1, large bone plates 1, cold resistance
1, electricity resistance, inability to drink after injury 1
a: no special abilities


You were on level 8 of the Dungeon.
You visited 1 branch of the dungeon, and saw 8 of its levels.
You also visited: Bailey.

You collected 559 gold pieces.
You spent 66 gold pieces at shops.

Inventory:

Hand Weapons
 a - a +0 flail (weapon)
Missiles
 u - a poisoned dart (quivered)
Armour
 b - a +1 scale mail (worn)
 c - a +0 buckler
 g - a +0 tower shield (worn)
Jewellery
 h - an amulet of faith
 n - an amulet of the acrobat (around neck)
 q - a ring of poison resistance (left hand)
 s - a ring of wizardry (right hand)
Wands
 z - a wand of flame (16)
Scrolls
 d - a scroll of vulnerability
 i - 3 scrolls of enchant armour
 k - a scroll of poison {unknown}
 o - a scroll of enchant weapon {unknown}
 p - a scroll of immolation {unknown}
 w - a scroll of revelation
 x - a scroll of teleportation {unknown}
 A - a scroll of summoning {unknown}
Potions
 e - 2 potions of enlightenment
 f - a potion of mutation
 m - a potion of invisibility
 v - 2 potions of resistance


   Skills:
 + Level 6.7 Fighting
 + Level 10.4 Maces & Flails
 + Level 0.6 Throwing
 - Level 3.9 Armour
 + Level 9.0 Shields


You had 9 spell levels left.
You didn't know any spells.
Your spell library contained the following spells:

 Spells                   Type           Power      Damage    Failure   Level
 Cigotuvi's Dreadful Rot  Necr/Pois/Air  0%         N/A       87%         2
 Static Discharge         Conj/Air       0%         2-2/arc   87%         2
 Sublimation of Blood     Necr           0%         N/A       87%         2
 Wereblood                Tmut           0%         N/A       87%         2
 Dazzling Flash           Conj/Hex       0%         N/A       98%         3
 Ignite Poison            Fire/Tmut/Pois 0%         N/A       98%         3
 Volatile Blastmotes      Fire/Tloc      0%         2d10      98%         3
 Airstrike                Air            0%         2d(0-16)  100%        4
 Anguish                  Hex/Necr       0%         N/A       100%        4
 Cause Fear               Hex            0%         N/A       100%        4
 Iskenderun's Mystic Bla  Conj/Tloc      0%         2d3       100%        4
 Summon Lightning Spire   Summ/Air       0%         N/A       100%        4
 Freezing Cloud           Conj/Ice/Air   0%         6-21      100%        5
 Starburst                Conj/Fire      0%         6d3       100%        6
 Enfeeble                 Hex            0%         N/A       100%        7
 Summon Hydra             Summ           0%         N/A       100%        7


Dungeon Overview and Level Annotations

Branches:
Dungeon (8/15)             Bailey (visited)
 Temple: D:4-7         Lair: D:8-11

Altars:
Cheibriados
Fedhas
Hepliaklqana
Qazlal
Uskayaw
Wu Jian
Xom
Yredelemnul
The Shining One

Shops:
D:1 :(=(   D:2 [   D:4 [   D:6 ?

Annotations:
D:5 2 transporters
D:7 1 runed translucent door, Crazy Yiuf


Innate Abilities, Weirdness & Mutations

You are completely covered in rugged brown scales. (AC +3, +7% HP)
Armour fits poorly on your strangely shaped body.
You have a long armoured tail.
You roll when moving toward enemies. (Rampage)
Your long tongue fully drains potion bottles. (2x potion effects)
Your tongue gives you trouble enunciating. (1.5x scroll delay)
You have very sharp teeth.
You have a pair of small horns on your head.
You are partially covered in large bone plates. (SH +4)
Your flesh is cold resistant. (rC+)
You are resistant to electric shocks. (rElec)
You occasionally lose the ability to drink potions when taking damage.


Message History

Aim: a vault guard, wielding a +0 broad axe and wearing a +0 chain mail (moderately wounded, 64% to hit)
Okay, then.
Press: ? - help, v - describe, . - travel, g - get item
Here: a vault guard, wielding a +0 broad axe and wearing a +0 chain mail (moderately wounded)
Items here: a +2 heavy hand axe; a +0 scale mail.
The floor, spattered with blood.
You sock the vault guard!
Your tail-slap misses the vault guard.
The vault guard is moderately wounded.
The vault guard hits you with a +0 broad axe!
Unknown command.
Okay, then.
Press: ? - help, v - describe, . - travel, g - get item
Items here: ))) [[[.
An open door, spattered with blood.
Okay, then.
The vault guard attacks as you move away!
The vault guard hits you with a +0 broad axe!
* * * LOW HITPOINT WARNING * * *
There is a gate leading back out of this place here.
The vault guard hits you with a +0 broad axe!
* * * LOW HITPOINT WARNING * * *
Welcome back to the Dungeon!
There is an empty arch of ancient stone here.
Unknown command.
As you slowly read the scroll labelled HINLEREGAU, it crumbles to dust.
You hear a loud clanging noise!
It was a scroll of noise.
You hear a shout!
You hear an angry hiss.
You hear an angry growl.
Something shouts, "Turn tail, thou pecksniffian nose-picking joithead!"
You block the vault guard's attack. x2
Unknown command.
Okay, then.
You see here a +0 hand axe.
The vault guard attacks as you move away!
You block the vault guard's attack.
You enter the shallow water.
Items here: $ )) ÷÷.
The vault guard attacks as you move away!
The vault guard hits you with a +0 broad axe!
You feel threatened and lose the ability to drink potions!
You die...

*,,,,* **,,,** *,,,,*
*,*** #####* *,* ....#*
*,# ###..# **.# ##**,*
##### *..# .#
*,*######...#####.## )#
*,,................#
.############.~~@~)~~.#
..............~##p##~.#
###########.#.~#...#~.#
# #...≈#.∩.#~,* #
##.[≈#?..#~,**
#..~#####~,,*
#..~≈~~~~~,,*
#...(..,,,,,*
*$.....,,,,,*


You could see a vault guard.

Vanquished Creatures
  A two-headed ogre (D:8)
  Prince Ribbit (D:7)
  A blink frog (Bailey)
  8 humans (Bailey)
  An orc warrior (D:7)
  A sky beast (D:7)
  2 ice beasts
  2 centaurs
  2 phantoms (D:7)
  15 bullfrogs
  A gnoll sergeant (D:5)
  A scorpion (D:5)
  3 wights (D:8)
  A howler monkey (D:6)
  8 orc priests
  2 hounds
  A jelly (D:5)
  4 iguanas
  A sleepcap (D:4)
  3 orc wizards
  14 gnolls
  2 adders
  3 shadow imps (D:5)
  2 white imps
  An ufetubus (D:6)
  2 worms (D:2)
  4 dart slugs
  22 orcs
  7 endoplasms
  4 giant cockroaches
  11 goblins
  9 hobgoblins
  6 jackals
  6 kobolds
  6 ball pythons
  4 bats
  3 frilled lizards
  4 rats
169 creatures vanquished.

Vanquished Creatures (others)
  An orc wizard (D:4)
1 creature vanquished.

Grand Total: 170 creatures vanquished

Notes
Turn   | Place    | Note
-------+----------+-------------------------------------------
     0 | D:1      | olmar the Armataur Fighter began the quest for the Orb.
     0 | D:1      | Reached XP level 1. HP: 19/19 MP: 1/1
   188 | D:1      | Found Egipuu's Weapon Shoppe.
   226 | D:1      | Reached skill level 2 in Maces & Flails
   226 | D:1      | Reached XP level 2. HP: 27/27 MP: 2/2
   507 | D:1      | Found Vied Usuu's Jewellery Shoppe.
   587 | D:1      | Found Oculuik's Weapon Emporium.
   596 | D:1      | Found Rorheyp's Book Shoppe.
   812 | D:2      | Reached XP level 3. HP: 32/33 MP: 3/3
   863 | D:2      | Found a basalt altar of Yredelemnul.
  1230 | D:2      | Found Wyecyxut's Antique Armour Emporium.
  1521 | D:3      | Reached XP level 4. HP: 40/40 MP: 4/4
  1757 | D:3      | Found a hazy altar of Hepliaklqana.
  2142 | D:4      | Reached skill level 3 in Maces & Flails
  2190 | D:4      | Found Genwovo's Armour Shoppe.
  2504 | D:4      | Reached XP level 5. HP: 31/48 MP: 5/5
  2735 | D:4      | Gained mutation: You occasionally lose the ability to drink
                  | potions when taking damage. [potion of mutation]
  2735 | D:4      | Gained mutation: Your flesh is cold resistant. (rC+)
                  | [potion of mutation]
  2735 | D:4      | Gained mutation: You have very sharp teeth. [potion of
                  | mutation]
  2735 | D:4      | Gained mutation: You are resistant to electric shocks.
                  | (rElec) [potion of mutation]
  2735 | D:4      | Gained mutation: You have a pair of small horns on your
                  | head. [potion of mutation]
  2735 | D:4      | Gained mutation: You are partially covered in large bone
                  | plates. (SH +4) [potion of mutation]
  2746 | D:4      | Reached skill level 4 in Maces & Flails
  3293 | D:4      | Found a snail-covered altar of Cheibriados.
  3394 | D:5      | Entered Level 5 of the Dungeon
  3515 | D:5      | Reached XP level 6. HP: 39/55 MP: 6/6
  3587 | D:5      | Found a shimmering altar of Xom.
  3621 | D:5      | Reached skill level 5 in Maces & Flails
  3839 | D:5      | Found a stormy altar of Qazlal.
  3916 | D:5      | Reached XP level 7. HP: 61/63 MP: 7/7
  3948 | D:5      | Found a glowing golden altar of the Shining One.
  3975 | D:5      | Found an ornate altar of the Wu Jian Council.
  4002 | D:5      | Found a blossoming altar of Fedhas.
  4005 | D:5      | Noticed a yak
  4007 | D:5      | Found a transporter.
  4016 | D:5      | Found a transporter.
  4304 | D:6      | Reached skill level 6 in Maces & Flails
  4470 | D:6      | Reached skill level 5 in Shields
  4508 | D:6      | Found Fengugoe's Magic Scroll Shop.
  4580 | D:6      | Bought 3 scrolls of identify for 66 gold pieces
  4900 | D:6      | Reached XP level 8. HP: 56/71 MP: 8/8
  5424 | D:7      | Reached skill level 7 in Maces & Flails
  5424 | D:7      | Noticed Prince Ribbit
  5428 | D:7      | Reached skill level 5 in Fighting
  5453 | D:7      | Killed Prince Ribbit
  5748 | D:7      | Reached skill level 8 in Maces & Flails
  6050 | D:7      | Reached XP level 9. HP: 79/80 MP: 9/9
  6213 | D:7      | Found a runed translucent door.
  6214 | D:7      | Noticed Crazy Yiuf
  6249 | D:8      | Noticed a two-headed ogre
  6270 | D:8      | Killed a two-headed ogre
  6317 | D:8      | Found a hide-covered altar of Uskayaw.
  6341 | D:8      | Reached skill level 9 in Maces & Flails
  6384 | D:8      | Found a flagged portal.
  6401 | Bailey   | Entered a bailey
  7116 | Bailey   | Reached skill level 10 in Maces & Flails
  7116 | Bailey   | Reached XP level 10. HP: 66/89 MP: 10/10
  7423 | Bailey   | Noticed a vault guard
  7447 | D:8      | Slain by a vault guard

Illustrated notes

Levels and vault maps discovered:
D:1:      dpeg_arrival_short_road, layout_loops_cross, serial_shops, shop,
          nicolae_shop_temple_entry_statues_fountains, nicolae_shop_crystal,
          nicolae_shop_statue_plus
D:2:      layout_loops_ring, serial_shops, nicolae_shop_stone, basic_altar,
          st_stairs_8
D:3:      layout_basic, lemuel_coloured_pillars_altar, serial_glass,
          glass_columns_a, glass_columns_a
D:4:      layout_loops_ring, kennysheep_slug_shrine, serial_shops,
          nicolae_shop_window_shopping, grunt_ministairs_13
D:5:      layout_basic, gammafunk_temple_overflow_arena,
          nicolae_overflow_hidden_temple, mainiacjoe_overflow_swirl,
          dreamdust_mushroom_princess
D:6:      layout_cave_pods, serial_shops, nicolae_shop_hallway_plus
D:7:      layout_basic, minmay_temple_entry_from_below_a,
          uniq_crazy_yiuf_cottage, uniq_prince_ribbit1
D:8:      layout_rooms, amcnicky_altar_gilded, enter_bailey_3, uniq_joseph

Skill      XL: |  1  2  3  4  5  6  7  8  9 10 |
---------------+-------------------------------+-----
Fighting       | 3 4 5 6 |  6.7
Maces & Flails | 2 3 4 5 6 8 10 | 10.4
Shields        | 4 5 7 8 9 |  9.0
Throwing       | |  0.6
Armour         | |  3.9

Action                     |  1- 3 |  4- 6 |  7- 9 | 10-12 || total
---------------------------+-------+-------+-------+-------++-------
  Melee: Flail             |   115 |   127 |   288 |    73 ||   603
         Tailslap          |     9 |    17 |    39 |     8 ||    73
         Headbutt          |       |    10 |    49 |    12 ||    71
         Bite              |       |     7 |    25 |     9 ||    41
  Throw: Throwing net      |       |       |     3 |     1 ||     4
         Dart              |       |       |       |     2 ||     2
  Evoke: Wand              |       |       |    18 |       ||    18
    Use: Scroll            |       |     1 |     7 |     1 ||     9
         Potion            |       |     3 |     3 |     2 ||     8
   Stab: Invisible         |       |       |     4 |       ||     4
 Armour: Scale mail        |    58 |    44 |    74 |     8 ||   184
  Dodge: Dodged            |    29 |    30 |    76 |    16 ||   151
  Block: Buckler           |    21 |    42 |   108 |       ||   171
         Tower shield      |       |       |    25 |    69 ||    94

Table legend: (Time is in decaauts)
 A = Elapsed time spent in this place.
 B = Non-inter-level travel time spent in this place.
 C = Inter-level travel time spent in this place.
 D = Time resting spent in this place.
 E = Time spent auto-exploring this place.
 F = Levels seen in this place.
 G = Mean time per level.
                   A        B        C        D        E       F      G
               +--------+--------+--------+--------+--------+-----+--------+
         Total |   7516 |   7264 |    252 |   1408 |   4511 |   9 |  835.1 |
       Dungeon |   6485 |   6233 |    252 |    638 |   4485 |   8 |  810.6 |
        Bailey |   1031 |   1031 |      0 |    770 |     26 |   1 | 1031.0 |
               +--------+--------+--------+--------+--------+-----+--------+

Top non-repeatable levels by time:
     D:4: 1165 daAuts
  Bailey: 1031 daAuts
     D:6: 997 daAuts
     D:7: 963 daAuts
     D:5: 913 daAuts
     D:3: 860 daAuts
     D:1: 722 daAuts
     D:2: 699 daAuts
     D:8: 162 daAuts
